 Dungeon Crawl Stone Soup version 0.29.1-1-gd02db6906a (webtiles) character file.

Game seed: 12866314244110028924

37 fireball365 the Sneak (level 3, -3/30 HPs)
             Began as a Demigod Delver on Oct 8, 2022.
             Slain by a scorpion (6 damage)
             ... on level 5 of the Dungeon.
             The game lasted 00:02:00 (523 turns).

fireball365 the Sneak (Demigod Delver)               Turns: 523, Time: 00:02:00

Health: -3/30      AC:  5    Str: 17    XL:     3   Next: 7%
Magic:  5/5        EV: 11    Int: 12    God:
Gold:   19         SH:  0    Dex: 15    Spells: 2/2 levels left

rFire   . . .      SeeInvis .   i - +0 war axe
rCold   . . .      Faith    .   (no shield)
rNeg    . . .      Spirit   .   h - +0 ring mail
rPois   .          Reflect  .   (no helmet)
rElec   .          Harm     .   (no cloak)
rCorr   .          Rampage  .   (no gloves)
Will    .....                   (no boots)
Stlth   ++........              (no amulet)
HPRegen 0.10/turn               (no ring)
MPRegen 0.09/turn               (no ring)

@: hasted, very quick
A: high MP 1, forlorn, divine attributes
a: no special abilities


You were on level 5 of the Dungeon.
You visited 1 branch of the dungeon, and saw 1 of its levels.

You collected 19 gold pieces.

Inventory:

Hand Weapons
 a - a +0 hand axe
 i - a +0 war axe (weapon)
 k - a +0 hand axe
Armour
 b - a +0 leather armour
 h - a +0 ring mail (worn)
 l - a +0 leather armour
Wands
 g - a wand of digging (3)
Scrolls
 c - a scroll of fog
 d - a scroll of magic mapping
 e - a scroll of fear
 j - a scroll of teleportation {unknown}
 m - a scroll of identify {unknown}


   Skills:
 + Level 2.9 Fighting
 + Level 2.3 Axes
 + Level 1.8 Dodging
 + Level 5.1 Stealth


You had 2 spell levels left.
You didn't know any spells.
Your spell library contained the following spells:

 Spells                   Type           Power      Damage    Failure   Level
 Chain Lightning          Conj/Air       0%         N/A       100%        9
 Fire Storm               Conj/Fire      0%         5d1       100%        9
 Shatter                  Erth           0%         3d5*      100%        9


Dungeon Overview and Level Annotations

Branches:
Dungeon (5/15)
 Temple: D:4-7


Innate Abilities, Weirdness & Mutations

You have an increased reservoir of magic. (+10% MP)
You shall have no god before yourself.
Your divine heritage dramatically boosts your attributes as you level up.


Message History

There is an open door here.
You open the door.
An iguana comes into view.
A scorpion comes into view.
There is an open door here.
The iguana hisses angrily.
There is an open door here.
An adder comes into view.
There is an open door here.
The iguana attacks as you move away!
The iguana bites you but does no damage.
You hit the iguana.
The iguana is lightly wounded.
The iguana bites you. The iguana barely misses you.
You closely miss the iguana.
The iguana is lightly wounded.
The iguana completely misses you.
You hit the iguana.
The iguana is moderately wounded.
The iguana bites you! The iguana barely misses you.
You barely miss the iguana.
The iguana is moderately wounded.
The iguana barely misses you.
You slash the iguana!
The iguana is almost dead.
The iguana bites you!
* * * LOW HITPOINT WARNING * * *
The iguana bites you.
* * * LOW HITPOINT WARNING * * *
You hit the iguana.
You kill the iguana!
The scorpion barely misses you.
Your Axes skill increases to level 2!
Your Stealth skill increases to level 5!
You have reached level 3!
Your experience leads to a dramatic increase in your attributes!
Increase (S)trength, (I)ntelligence, or (D)exterity?
You feel stronger. x4
You feel yourself speed up. The scorpion stings you.
You die...

#............#..........
#.....<......#..........
#............#..........
#............#..........
#............#..........
#............#.........S
##'#####...###...####
#.....##...#####s##.#
#.....#.....#...@...#
#.....#.....#.......#
'.....#.....#.......+
#.<...#.....#.......#
#.....#.....'.......#
#####'###############
........# ........# #
†.......# .#


You could see a scorpion.

Vanquished Creatures
  An iguana (D:5)
  An adder (D:5)
  An orc (D:5)
3 creatures vanquished.

Vanquished Creatures (others)
  A plant (D:5)
1 creature vanquished.

Grand Total: 4 creatures vanquished

Notes
Turn   | Place    | Note
-------+----------+-------------------------------------------
     0 | D:5      | fireball365 the Demigod Delver began the quest for the Orb.
     0 | D:5      | Reached XP level 1. HP: 18/18 MP: 3/3
   264 | D:5      | Reached XP level 2. HP: 12/25 MP: 4/4
   505 | D:5      | Noticed a scorpion
   523 | D:5      | Reached skill level 5 in Stealth
   523 | D:5      | Reached XP level 3. HP: 2/30 MP: 5/5
   523 | D:5      | Slain by a scorpion

Illustrated notes

Levels and vault maps discovered:
D:5:      layout_gridville, temple_statues, serial_bayou_pond_d

Skill      XL: |  1  2 |
---------------+-------+-----
Axes           | 2 |  2.3
Stealth        | 5 |  5.1
Fighting       | |  2.9
Dodging        | |  1.8

Action                   || total
-------------------------++-------
Melee: War axe           ||    14
  Use: Potion            ||     1
 Stab: Sleeping          ||     1
Armor: Ring mail         ||     1
Dodge: Dodged            ||    10
